 Dungeon Sprint DCSS version 0.29-a0-284-gf9362112df (webtiles) character file.

Game seed: 3169032817818474391

12989 mhtbhm the Phalangite (level 11, -15/184 HPs)
             Began as a Minotaur Berserker on Mar 25, 2022.
             Was the Champion of Trog.
             Demolished by a sun demon (20 damage)
             ... summoned by an orc high priest
             ... in the Dungeon (Sprint III: "The Ten Rune Challenge").
             The game lasted 00:05:40 (4022 turns).

mhtbhm the Phalangite (Minotaur Berserker)          Turns: 4022, Time: 00:05:41

Health: -15/184    AC:  7    Str: 26    XL:     11   Next: 69%
Magic:  10/10      EV: 15    Int:  4    God:    Trog [******]
Gold:   2276       SH:  0    Dex: 10    Spells: 10/10 levels left

rFire   . . .      SeeInvis .   a - +3 bardiche (flame)
rCold   . . .      Faith    .   (shield currently unavailable)
rNeg    . . .      Spirit   .   b - +0 ring mail
rPois   .          Reflect  .   (helmet restricted)
rElec   .          Harm     .   (no cloak)
rCorr   .          Rampage  .   (no gloves)
Will    .....      NoTele   +   (no boots)
Stlth   ..........              (no amulet)
HPRegen 0.40/turn               (no ring)
MPRegen 0.12/turn               (no ring)

@: berserking, lethally poisoned (-15 -> -22), weakened, very quick
A: horns 2, retaliatory headbutt
a: Renounce Religion, Berserk, Trog's Hand, Brothers in Arms


You were in the Dungeon.
You worshipped Trog.
Trog was exalted by your worship.
You visited 1 branch You collected 2366 gold pieces.
You spent 90 gold pieces at shops.

Inventory:

Hand Weapons
 a - a +3 bardiche of flaming (weapon)
 q - the +5 executioner's axe of the Orbs {vorpal, rN++ Dex+3}
   (Trog gifted it to you in the Dungeon)

   It inflicts extra damage upon your enemies.
   Dex:       It affects your dexterity (+3).
   rN:        It greatly protects you from negative energy.
Missiles
 p - 7 javelins (quivered)
Armour
 b - a +0 ring mail (worn)
Wands
 n - a wand of iceblast (4)
Scrolls
 h - 2 scrolls of blinking
 i - 3 scrolls of holy word {unknown}
 j - 4 scrolls of identify
Potions
 c - a potion of curing
 d - a potion of heal wounds
 e - a potion of haste
 f - 2 potions of magic
 g - a potion of berserk rage
 k - 2 potions of flight
 l - 2 potions of cancellation {unknown}
 m - 6 potions of mutation
Miscellaneous
 o - a phantom mirror


   Skills:
 + Level 19.5 Fighting
 + Level 21.1 Polearms
 + Level 9.7 Armour
 + Level 11.9 Dodging
 + Level 10.0 Stealth
 + Level 2.9 Evocations


You had 10 spell levels left.
You didn't know any spells.
Your spell library was empty.

Dungeon Overview and Level Annotations

Branches:
Dungeon (1/1)

Altars:
Cheibriados
Dithmenos
Elyvilon
Fedhas
Gozag
Hepliaklqana
Kikubaaqudgha
Makhleb
Nemelex Xobeh
Okawaru
Qazlal
Ru
Sif Muna
Trog
Uskayaw
Vehumet
Wu Jian
Xom
Yredelemnul
Zin
The Shining One
Beogh
Jiyva
Lugonu

Shops:
D ?


Innate Abilities, Weirdness & Mutations

You have a pair of horns on your head.
You reflexively headbutt those who attack you in melee.


Message History

You feel sick.
The orc priest hits you but does no damage.
The orc high priest hits you with a +0 scimitar!
* * * LOW HITPOINT WARNING * * *
The orc priest calls down the wrath of Beogh upon you.
Pain shoots through your body!
* * * LOW HITPOINT WARNING * * *
The orange demon stings you but does no damage.
The orc high priest mumbles some strange prayers to Beogh.
Unknown command.
Press: ? - help, v - describe, . - travel
Here: a sun demon (summoned)
The floor.
You slash the orc high priest! You burn the orc high priest.
You kill the orc high priest!
Trog accepts your kill.
You feel sick. The orange demon closely misses you.
The orange demon barely misses you.
The orc high priest hits you with a +0 scimitar of holy wrath!
* * * LOW HITPOINT WARNING * * *
The orc priest looks braver for a moment.
The orc priest invokes the aid of Beogh against you.
Beogh smites you!
* * * LOW HITPOINT WARNING * * *
The orange demon stings you but does no damage.
Unknown command.
You closely miss the orc high priest.
Your headbutt misses the orc high priest.
You feel sick.
You miss the orc high priest. You headbutt the orc high priest!
The orc high priest is lightly wounded.
You feel sick. The orange demon barely misses you. x2
The orc priest completely misses you.
The orange demon stings you but does no damage.
The orc priest barely misses you. You furiously retaliate!
You headbutt the orc priest!
The orc high priest hits you with a +0 scimitar of holy wrath.
* * * LOW HITPOINT WARNING * * *
The sun demon hits you!!
You die...

≈≈≈≈≈≈≈≈≈♣♣P.'^......#
♣♣♣♣♣♣♣♣♣♣♣PP#.^.....#
♣♣♣##'########
♣♣♣♣♣♣♣♣♣♣♣
#...'.§≈§≈#
##≈≈≈≈≈≈..#
#...#.§≈≈≈#
.#≈≈≈≈≈...#
#...#.#≈≈§#
##'≈≈≈≈≈####+#####.#
≈§§
..#≈≈.°○°°○°.#.oP.4#
§§
.[#≈..+#######..@o.#
≈§ ###...# #.43o.# §
.÷....# #.....#
+###### #+#####


You could see an orc high priest, a sun demon (summoned), 2 orange demons and 2
orc priests.

Vanquished Creatures
  Dowan (D)
  Erolcha (D)
  2 hydras (D)
  2 orc high priests (D)
  Urug (D)
  2 deep elf knights (D)
  A death drake (D)
  2 deep elf zephyrmancers (D)
  2 deep elf pyromancers (D)
  A lindwurm (D)
  An orc sorcerer (D)
  2 cane toads (D)
  Duvessa (D)
  A komodo dragon (D)
  2 tyrant leeches (D)
  3 wandering mushrooms (D)
  A shadow (D)
  5 redbacks (D)
  A spatial vortex (D)
  2 orc warriors (D)
  4 two-headed ogres (D)
  A necrophage (D)
  A water elemental (D)
  An electric eel (D)
  A jelly (D)
  3 orc priests (D)
  Jessica (D)
  A necromancer (D)
  A wizard (D)
  2 orc wizards (D)
  3 humans (D)
  A kobold demonologist (D)
  A phantom (D)
  9 orcs (D)
  2 endoplasms (D)
66 creatures vanquished.

Vanquished Creatures (collateral kills)
  A two-headed ogre (D)
1 creature vanquished.

Vanquished Creatures (others)
  9 plants (D)
9 creatures vanquished.

Grand Total: 76 creatures vanquished

Notes
Turn   | Place    | Note
-------+----------+-------------------------------------------
     0 | D        | mhtbhm the Minotaur Berserker began the quest for the Orb.
     0 | D        | Reached XP level 1. HP: 19/19 MP: 0/0
     6 | D        | Reached skill level 4 in Polearms
    24 | D        | Noticed Jessica
    28 | D        | Killed Jessica
    28 | D        | Reached ** piety under Trog
    29 | D        | Reached skill level 5 in Fighting
    29 | D        | Reached skill level 5 in Polearms
    29 | D        | Reached XP level 2. HP: 27/29 MP: 1/1
    29 | D        | Reached XP level 3. HP: 33/36 MP: 2/2
    83 | D        | Reached skill level 6 in Polearms
   144 | D        | Noticed a water elemental
   148 | D        | Killed a water elemental
   148 | D        | Reached *** piety under Trog
   149 | D        | Reached skill level 7 in Polearms
   149 | D        | Reached skill level 1 in Stealth
   149 | D        | Reached XP level 4. HP: 47/47 MP: 3/3
   224 | D        | Found a radiant altar of Vehumet.
   224 | D        | Found a shimmering blue altar of Sif Muna.
   224 | D        | Found an ancient bone altar of Kikubaaqudgha.
   224 | D        | Noticed a wizard
   228 | D        | Killed a wizard
   229 | D        | Reached skill level 8 in Polearms
   239 | D        | Reached XP level 5. HP: 53/53 MP: 4/4
   295 | D        | Found a basalt altar of Yredelemnul.
   295 | D        | Found a shadowy altar of Dithmenos.
   295 | D        | Found a sacrificial altar of Ru.
   306 | D        | Reached **** piety under Trog
   307 | D        | Reached skill level 9 in Polearms
   307 | D        | Reached skill level 5 in Dodging
   402 | D        | Found a glowing silver altar of Zin.
   402 | D        | Found a glowing golden altar of the Shining One.
   402 | D        | Found a white marble altar of Elyvilon.
   402 | D        | Noticed a deep elf pyromancer
   413 | D        | Killed a deep elf pyromancer
   414 | D        | Reached skill level 12 in Polearms
   414 | D        | Reached XP level 6. HP: 56/69 MP: 5/5
   414 | D        | Reached XP level 7. HP: 61/75 MP: 6/6
   478 | D        | Found a hide-covered altar of Uskayaw.
   478 | D        | Found an iron altar of Okawaru.
   478 | D        | Found a bloodstained altar of Trog.
   478 | D        | Found an ornate altar of the Wu Jian Council.
   478 | D        | Noticed a human
   479 | D        | Noticed a human
   489 | D        | Killed a human
   493 | D        | Killed a human
   493 | D        | Reached ***** piety under Trog
   494 | D        | Reached skill level 13 in Polearms
   646 | D        | Noticed a shadow
   655 | D        | Killed a shadow
   656 | D        | Reached XP level 8. HP: 75/85 MP: 7/7
   753 | D        | Found a blossoming altar of Fedhas.
   753 | D        | Found a stormy altar of Qazlal.
   753 | D        | Found a snail-covered altar of Cheibriados.
   753 | D        | Found a burning altar of Makhleb.
   753 | D        | Found a shimmering altar of Xom.
   756 | D        | Found a hazy altar of Hepliaklqana.
   756 | D        | Found an opulent altar of Gozag.
   756 | D        | Found a sparkling altar of Nemelex Xobeh.
   756 | D        | Found a corrupted altar of Lugonu.
   756 | D        | Found a viscous altar of Jiyva.
   893 | D        | Received a gift from Trog
   894 | D        | Reached skill level 14 in Polearms
   897 | D        | Reached skill level 1 in Evocations
  1071 | D        | Noticed a two-headed ogre
  1077 | D        | Killed a two-headed ogre
  1078 | D        | Reached skill level 5 in Stealth
  1083 | D        | Noticed Erolcha
  1084 | D        | Noticed a two-headed ogre
  1090 | D        | Killed Erolcha
  1091 | D        | Reached skill level 15 in Polearms
  1091 | D        | Reached XP level 9. HP: 72/96 MP: 2/8
  1097 | D        | Killed a two-headed ogre
  1114 | D        | Reached skill level 16 in Polearms
  1340 | D        | Noticed a wandering mushroom
  1344 | D        | Noticed a wandering mushroom
  1347 | D        | Killed a wandering mushroom
  1348 | D        | Reached skill level 15 in Fighting
  1348 | D        | Noticed a wandering mushroom
  1354 | D        | Killed a wandering mushroom
  1354 | D        | Received a gift from Trog
  1362 | D        | Killed a wandering mushroom
  1488 | D        | Noticed a cane toad
  1488 | D        | Noticed a komodo dragon
  1488 | D        | Noticed a cane toad
  1494 | D        | Killed a cane toad
  1495 | D        | Reached skill level 17 in Polearms
  1499 | D        | Killed a komodo dragon
  1500 | D        | Reached XP level 10. HP: 24/107 MP: 3/9
  1754 | D        | Killed a cane toad
  2110 | D        | Reached skill level 10 in Dodging
  2309 | D        | Received a gift from Trog
  2554 | D        | Noticed a lindwurm
  2560 | D        | Killed a lindwurm
  2561 | D        | Reached skill level 18 in Polearms
  2754 | D        | Noticed Urug
  2755 | D        | Killed Urug
  2774 | D        | Noticed a five-headed hydra
  2774 | D        | Noticed a five-headed hydra
  2781 | D        | Killed a three-headed hydra
  2784 | D        | Killed a three-headed hydra
  2785 | D        | Reached skill level 19 in Polearms
  2906 | D        | Noticed a death drake
  2913 | D        | Killed a death drake
  2914 | D        | Reached XP level 11. HP: 67/118 MP: 10/10
  2917 | D        | HP: 1/118 [poison (dark miasma)]
  3312 | D        | Noticed Duvessa
  3312 | D        | Noticed Dowan
  3324 | D        | Killed Duvessa
  3336 | D        | Killed Dowan
  3336 | D        | Reached ****** piety under Trog
  3336 | D        | Identified the +5 executioner's axe of the Orbs {vorpal,
                  | rN++ Dex+3} (Trog gifted it to you in the Dungeon)
  3336 | D        | Received a gift from Trog
  3673 | D        | Found Teomeistryd's Magic Scroll Boutique.
  3675 | D        | Noticed an orc sorcerer
  3676 | D        | Killed an orc sorcerer
  3681 | D        | Received a gift from Trog
  3686 | D        | Received a gift from Trog
  3687 | D        | Noticed an orc high priest
  3694 | D        | Killed an orc high priest
  3695 | D        | Reached skill level 20 in Polearms
  3879 | D        | Bought a scroll of blinking for 90 gold pieces
  3889 | D        | Noticed a deep elf zephyrmancer
  3889 | D        | Noticed a deep elf zephyrmancer
  3889 | D        | Noticed a deep elf pyromancer
  3889 | D        | Noticed a deep elf knight
  3889 | D        | Noticed a deep elf knight
  3897 | D        | Killed a deep elf zephyrmancer
  3900 | D        | Killed a deep elf pyromancer
  3900 | D        | Received a gift from Trog
  3902 | D        | Killed a deep elf knight
  3906 | D        | Killed a deep elf zephyrmancer
  3908 | D        | Killed a deep elf knight
  3909 | D        | Reached skill level 21 in Polearms
  3909 | D        | Reached skill level 10 in Stealth
  4002 | D        | Noticed a soul eater
  4020 | D        | Noticed a sun demon
  4022 | D        | HP: 5/184 [orc high priest/+0 scimitar of holy wrath (6)]
  4022 | D        | Demolished by a sun demon

Illustrated notes

Levels and vault maps discovered:
D:        dungeon_sprint_mu [sprint_mu_entry_forest, sprint_mu_temple_rooms,
          sprint_mu_d1_spiders, sprint_mu_d2_genie, sprint_mu_d3_branching,
          sprint_mu_orc_legion, sprint_mu_elf_gauntlet, sprint_mu_hive_nellie,
          sprint_mu_lair_fedhas, sprint_mu_vaults_butterflies,
          sprint_mu_slime_circle, sprint_mu_swamp_cave, sprint_mu_shoals_kraken,
          sprint_mu_blade_basic, sprint_mu_crypt_lich, sprint_mu_tomb_spiral,
          sprint_mu_vestibule_basic, sprint_mu_gehenna_hellfire,
          sprint_mu_dis_giant, sprint_mu_tartarus_statrot,
          sprint_mu_cocytus_islands, sprint_mu_zot1]

Skill      XL: |  1  2  3  4  5  6  7  8  9 10 11 |
---------------+----------------------------------+-----
Fighting       | 5 7 8 11 12 14 15 17 19 | 19.5
Polearms       | 5 7 8 12 13 15 17 19 21 | 21.1
Armour         | 3 4 6 7 8 9 |  9.7
Dodging        | 3 4 6 7 8 9 10 11 | 11.9
Stealth        | 1 3 4 5 7 9 10 | 10.0
Evocations     | 1 2 |  2.9

Action                   |  1- 3 |  4- 6 |  7- 9 | 10-12 || total
-------------------------+-------+-------+-------+-------++-------
Melee: Spear             |    23 |    35 |    45 |       ||   103
       Headbutt          |     4 |     5 |    11 |    18 ||    38
       Halberd           |       |       |    42 |    32 ||    74
       Glaive            |       |       |       |    56 ||    56
       Bardiche          |       |       |       |    31 ||    31
Invok: Berserk           |     2 |     1 |     4 |     5 ||    12
       Brothers in Arms  |       |       |     1 |       ||     1
Evoke: Wand              |       |     2 |       |     3 ||     5
       Phantom mirror    |       |       |       |     1 ||     1
  Use: Potion            |       |       |       |     1 ||     1
 Stab: Sleeping          |     1 |     1 |     3 |     4 ||     9
Armor: Animal skin       |     2 |       |       |       ||     2
       Leather armour    |       |       |     2 |     5 ||     7
       Ring mail         |       |       |       |    20 ||    20
Dodge: Dodged            |     6 |     6 |    19 |    43 ||    74

Table legend: (Time is in decaauts)
 A = Elapsed time spent in this place.
 B = Non-inter-level travel time spent in this place.
 C = Inter-level travel time spent in this place.
 D = Time resting spent in this place.
 E = Time spent auto-exploring this place.
 F = Levels seen in this place.
 G = Mean time per level.
                   A        B        C        D        E       F      G
               +--------+--------+--------+--------+--------+-----+--------+
         Total |   4075 |   4033 |     42 |   3258 |      6 |   1 | 4075.0 |
       Dungeon |   4075 |   4033 |     42 |   3258 |      6 |   1 | 4075.0 |
               +--------+--------+--------+--------+--------+-----+--------+

Top non-repeatable levels by time:
       D: 4075 daAuts
